 Dungeon Crawl Stone Soup version 0.21.1-1-g345015f (webtiles) character file.

623 Kairos the Covered (level 7, -6/53 HPs)
             Began as a Human Fighter on Apr 1, 2018.
             Killed by divine providence
             ... invoked by an orc priest
              (16 damage)
             ... on level 4 of the Dungeon.
             The game lasted 00:09:44 (4369 turns).

Kairos the Covered (Human Fighter)                  Turns: 4369, Time: 00:09:45

Health: -6/53      AC:  8    Str: 17    XL:     7   Next: 75%
Magic:  16/16      EV:  9    Int:  8    God:
Gold:   273        SH: 14    Dex: 14    Spells: 6/6 levels left

rFire    . . .     SeeInvis .   a - +0 war axe
rCold    . . .     Gourm    .   c - +0 shield
rNeg     . . .     Faith    .   i - +0 ring mail {rPois}
rPois    +         Spirit   .   l - +0 helmet
rElec    .         Reflect  +   (no cloak)
rCorr    .         Harm     .   w - +0 pair of gloves
MR       .....                  (no boots)
Stlth    +.........             r - +5 amulet of reflection
HPRegen  0.17/turn              j - ring of magical power
MPRegen  0.15/turn              y - -5 ring of slaying (curse)

@: lethally poisoned (-6 -> -14)
A: no striking features
a: no special abilities


You were on level 4 of the Dungeon.
You were hungry.

You visited 1 branch of the dungeon, and saw 4 of its levels.
You also visited: Sewer.

You collected 273 gold pieces.

Inventory:

Hand Weapons
 a - a +0 war axe (weapon)
 n - a +1 falchion of holy wrath
 o - a +0 mace of pain
Missiles
 v - a throwing net (quivered)
Armour
 b - a +0 scale mail
 c - a +0 shield (worn)
 i - a +0 ring mail of poison resistance (worn)
 l - a +0 helmet (worn)
 w - a +0 pair of gloves (worn)
Jewellery
 j - a ring of magical power (left hand)
 r - a +5 amulet of reflection (around neck)
 y - a cursed -5 ring of slaying (right hand)
Wands
 m - a wand of acid (5)
 s - a wand of polymorph (12)
Scrolls
 d - a scroll of blinking
 g - 2 scrolls of teleportation
 h - 2 scrolls of enchant armour
 p - 3 scrolls of magic mapping
 A - a scroll of fear
Potions
 e - a potion of curing {unknown}
 k - 2 potions of heal wounds {unknown}
 q - a potion of brilliance {unknown}
 t - 2 potions of flight {unknown}
 u - a potion of ambrosia {unknown}
 x - 2 potions of haste {unknown}
 z - 2 potions of magic {unknown}
Comestibles
 f - 5 rations


   Skills:
 + Level 3.8 Fighting
 + Level 1.0 Long Blades
 + Level 4.5 Axes
 + Level 4.9 Armour
 + Level 1.7 Dodging
 + Level 0.2 Stealth
 + Level 4.9 Shields


You had 6 spell levels left.
You didn't know any spells.

Dungeon Overview and Level Annotations

Branches:
Dungeon (4/15)
 Temple: D:4-7

Altars:
Ru

Annotations:
D:4 Verendum's ghost, amateur OpFi


Message History

An orc priest comes into view. It is wielding a mace.
You feel sick.
The orc priest shouts!
The orc wizard casts a spell at you. The magic dart hits you!
You block the orc's attack.
You barely miss the orc wizard.
The orc wizard is almost dead.
You hit the orc.
You feel sick.
The orc wizard hits you but does no damage.
The orc priest calls upon Beogh to heal the orc.
The orc's wounds heal themselves!
You block the orc's attack. The orc wizard hits you with a dagger.
* * * LOW HITPOINT WARNING * * *
Aiming: Corrosive Bolt
Press: ? - help, Shift-Dir - straight line, f - orc priest
Aim: an orc priest, wielding a mace The bolt of acid misses the orc priest.
You feel sick.
The orc priest mumbles some strange prayers to Beogh against you.
Beogh smites you!
You die...

*,,...##.###.###.##.#
#.#....... ,,,..**##*
### ###### #.########
****** ♣.♣♣♣ * ♣...♣♣
*****♣♣♣♣♣♣ ♣♣♣..♣♣
**,**,,.o..♣♣ ♣♣..♣
******,*,,,**♣.).♣
♣)♣♣ ,,,,,,******
♣.)o♣♣♣ ♣♣.♣♣ *******
♣♣.@o.♣ ♣♣.♣*♣ *
♣♣..♣♣♣♣ ♣..♣♣. ♣..♣♣
♣♣.... ♣♣..♣♣♣ ♣♣♣.♣
♣....♣♣♣♣ ♣.♣♣
♣♣♣.....♣♣♣ ♣♣..
♣♣♣♣....♣♣ ♣♣.
♣♣♣...♣♣♣♣ ♣♣.
♣♣♣....♣♣♣♣.♣


You could see an orc priest, an orc wizard and an orc.

Vanquished Creatures
  An ogre (D:4)
  The ghost of Trampli the Shooter, an amateur GrHu (D:3)
  A big kobold (Sewer)
  A hound (D:4)
  An orc priest (D:4)
  An orc wizard (D:4)
  A centaur skeleton (D:4)
  Terence (D:3)
  4 worker ants (D:4)
  8 adders
  An adder skeleton (D:4)
  5 worms
  2 dart slugs (D:2)
  3 leopard geckos (D:2)
  2 orcs (D:4)
  3 ball pythons (Sewer)
  3 giant cockroaches
  7 hobgoblins
  9 jackals
  4 bats
  2 frilled lizards
  9 goblins
  9 kobolds
  5 rats
84 creatures vanquished.

Notes
Turn   | Place    | Note
-------+----------+-------------------------------------------
     0 | D:1      | Kairos the Human Fighter began the quest for the Orb.
     0 | D:1      | Reached XP level 1. HP: 18/18 MP: 1/1
   151 | D:1      | Reached XP level 2. HP: 24/24 MP: 2/2
   590 | D:2      | Reached XP level 3. HP: 29/29 MP: 3/3
   795 | D:2      | Reached XP level 4. HP: 35/35 MP: 4/4
  1687 | D:3      | Noticed Trampli's ghost (amateur GrHu)
  2171 | D:3      | Noticed Sigmund
  2221 | D:3      | Noticed Terence
  2242 | D:3      | Killed Terence
  2242 | D:3      | Reached XP level 5. HP: 10/41 MP: 5/5
  3084 | D:3      | Killed Trampli's ghost
  3084 | D:3      | Reached XP level 6. HP: 26/47 MP: 6/6
  3252 | D:3      | Noticed Sigmund
  3252 | D:3      | Sigmund changed into Sigmund the bat
  3265 | D:3      | Killed Sigmund the bat
  3507 | D:4      | Found a glowing drain.
  3533 | Sewer    | Entered a sewer
  3599 | Sewer    | Reached skill level 1 in Long Blades
  3599 | Sewer    | Reached skill level 1 in Dodging
  3861 | D:4      | Noticed Verendum's ghost (amateur OpFi)
  3985 | D:4      | Found a sacrificial altar of Ru.
  4051 | D:4      | Noticed an ogre
  4059 | D:4      | Killed an ogre
  4059 | D:4      | Reached XP level 7. HP: 15/53 MP: 7/7
  4369 | D:4      | Killed from afar by an orc priest

Skill      XL: |  1  2  3  4  5  6 |
---------------+-------------------+-----
Axes           | 3 4 |  4.5
Armour         | 4 |  4.9
Long Blades    | 1 |  1.0
Dodging        | 1 |  1.7
Shields        | 4 |  4.9
Fighting       | |  3.8
Stealth        | |  0.2

Action                   |  1- 3 |  4- 6 |  7- 9 || total
-------------------------+-------+-------+-------++-------
Melee: War axe           |    58 |   240 |    50 ||   348
       Falchion          |       |    34 |       ||    34
Evoke: Wand              |       |     1 |     4 ||     5
  Use: Scroll            |       |     9 |     1 ||    10
       Potion            |       |     1 |       ||     1
  Eat: Chunk             |       |     7 |     1 ||     8
       Ration            |       |     1 |       ||     1
Armor: Ring mail         |    23 |    74 |    26 ||   123
       Scale mail        |     2 |       |       ||     2
Dodge: Dodged            |    13 |   100 |    19 ||   132
Block: Shield            |    41 |   194 |    63 ||   298
       Reflection        |       |     2 |       ||     2
       Rpst.: Falchion   |       |     5 |       ||     5
